Map: Simulacrum LE

Players

Serral - Winner!

  • Race: Zerg Zerg
  • Spawn Location: 11:00

soO

  • Race: Zerg Zerg
  • Spawn Location: 5:00

Event: StayAtHomestory Cup #1

VOD

Have the link to the VOD?

Description

Time

  • Played on: April 11, 2020, 1:10 p.m.
  • Length: 6:50

All games in this series

Show
View Real Time Build Order
Export as new Build Order

Serral Zerg - Winner!

Build Orders: Hatch First, Zergling Baneling 

Get SALT Encoding   

  12  0:00  Drone  
  13  0:12  Overlord  
  13  0:17  Drone  
  14  0:30  Drone x2  
  16  0:48  Hatchery  
  15  0:52  Drone  
  15  0:55  Drone  
  17  0:58  Drone  
  18  1:11  Extractor  
  17  1:14  Spawning Pool  
  17  1:17  Drone  
  17  1:20  Drone  
  18  1:28  Drone  
  19  1:38  Drone  
  20  1:49  Overlord  
  20  2:01  Queen x2  
  22  2:02  Zergling x4  
  26  2:10  Metabolic Boost  
  26  2:11  Drone  
  26  2:12  Drone  
  28  2:21  Drone  
  28  2:22  Drone  
  30  2:35  Hatchery  
  29  2:38  Drone  
  29  2:40  Drone  
  31  2:47  Baneling Nest  
  31  2:48  Drone  
  31  2:53  Overlord  
  31  2:57  Drone  
  32  3:00  Drone  
  33  3:07  Zergling x4  
  33  3:12  Zergling x6  
  38  3:17  Zergling x6  
  41  3:21  Overlord  
  41  3:25  Zergling x2  
  42  3:32  Baneling x2  
  42  3:33  Zergling x2  
  43  3:36  Zergling x2  
  44  3:44  Zergling x6, Overlord  
  44  3:46  Baneling x4  
  44  3:48  Drone  
  48  3:50  Drone  
  48  3:53  Drone  
  46  4:04  Drone x2  
  46  4:08  Drone  
  46  4:09  Drone x2  
  50  4:10  Drone x2  
  50  4:12  Zergling x2  
  49  4:17  Extractor  
  49  4:18  Roach Warren  
  49  4:19  Drone  
  45  4:25  Drone x2  
  45  4:26  Zergling x2  
  45  4:31  Baneling x2  
  45  4:34  Drone  
  45  4:36  Zergling x4  
  45  4:37  Evolution Chamber  
  47  4:45  Zergling x2  
  47  4:46  Zergling x8  
  47  4:48  Baneling  
  47  4:50  Zergling x4  
  54  4:53  Zergling x4  
  54  4:56  Zergling x2  
  54  4:57  Zergling x2  
  55  5:04  Zergling x2, Roach x2  
  55  5:05  Baneling x2  
  57  5:08  Roach  
  57  5:11  Roach  
  61  5:15  Roach  
  61  5:17  Roach  
  61  5:20  Overlord  
  65  5:26  Overlord  
  65  5:32  Baneling  
  65  5:33  Baneling  
  65  5:40  Roach x2  
  65  5:41  Roach x2  
  72  5:47  Overlord  
  72  5:48  Roach x3  
  78  5:54  Overlord  
  78  5:55  Roach  
  80  6:00  Overlord  
  80  6:08  Zergling x12  
  80  6:09  Baneling x4  
  84  6:20  Zergling x16  
  89  6:32  Zergling x6  
Show
View Real Time Build Order
Export as new Build Order

soO Zerg 

Build Orders: Hatch First, Zergling Baneling 

Get SALT Encoding   

  12  0:01  Drone  
  13  0:12  Overlord  
  13  0:17  Drone  
  14  0:30  Drone  
  14  0:31  Drone  
  16  0:48  Hatchery  
  15  0:51  Drone  
  15  0:54  Drone  
  17  0:58  Drone  
  18  1:08  Extractor  
  17  1:13  Spawning Pool  
  17  1:16  Drone  
  17  1:20  Drone  
  18  1:28  Drone  
  19  1:38  Drone  
  20  1:51  Drone  
  21  2:00  Drone x2, Queen x2  
  27  2:11  Overlord  
  27  2:12  Metabolic Boost  
  27  2:13  Drone  
  28  2:30  Zergling x4  
  28  2:32  Hatchery  
  29  2:37  Drone x2  
  31  2:44  Drone  
  31  2:45  Drone  
  33  2:52  Baneling Nest  
  33  2:54  Zergling x2, Overlord  
  33  3:04  Drone  
  34  3:08  Drone  
  34  3:10  Drone  
  34  3:12  Queen  
  38  3:15  Zergling x4  
  38  3:18  Drone x2  
  42  3:22  Overlord  
  42  3:26  Drone x2  
  44  3:35  Baneling x2  
  44  3:39  Queen  
  46  3:43  Drone, Baneling x2  
  47  3:49  Zergling x12  
  51  4:04  Zergling x2  
  51  4:05  Zergling x8  
  55  4:13  Baneling x2  
  55  4:16  Zergling x12  
  54  4:18  Zergling x2  
  54  4:22  Baneling x3  
  55  4:24  Drone x3  
  56  4:31  Drone  
  56  4:35  Overlord  
  56  4:38  Overlord  
  57  4:41  Overlord  
  57  4:43  Extractor  
  57  4:44  Extractor  
  57  4:45  Drone x2  
  56  4:59  Zergling x10  
  55  5:02  Zergling x2  
  55  5:07  Zergling x6  
  52  5:14  Lair  
  52  5:15  Zergling x4  
  52  5:16  Zergling x4  
  52  5:17  Drone x3  
  52  5:18  Drone  
  52  5:21  Baneling x2  
  60  5:25  Drone  
  60  5:27  Drone  
  62  5:32  Drone  
  62  5:33  Drone  
  64  5:37  Overlord  
  64  5:39  Drone  
  64  5:41  Drone x3  
  67  5:43  Drone  
  67  5:45  Extractor, Drone  
  67  5:46  Baneling x2  
  68  5:50  Drone x2  
  68  5:55  Drone x3  
  73  6:09  Spine Crawler  
  73  6:10  Spine Crawler  
  73  6:11  Spine Crawler  
  63  6:19  Zergling x22  
  63  6:21  Zergling x2  
  63  6:25  Zergling x6  
  76  6:27  Zergling x2  
  76  6:29  Zergling x2  
Tags
 
Add a new tag
Caveats
  • Supply blocks, unpowered buildings, or Contaminate may cause inaccurate times.
  • Supply counts are checked every 10 seconds.